Cogmind - Beta 13 *** ADVENTURER MODE // 2024.04.12 @ 15:00:35 Player: XorOwl Result: Destroyed by Y-45 Defender with Beam Rifle Performance ------------- Evolutions (2) 1000 Regions Visited (3) 600 Robots Destroyed (65) 325 Value Destroyed (1697) 1697 Prototype IDs (4) 80 Alien Tech Used (0) 0 Bonus (46) 46 TOTAL SCORE: 3748 Bonus ------- High Alert Combat Kills 46 Cogmind --------- Core Integrity 0/550 Matter 287/300 Energy 300/300 System Corruption 1% Temperature Cool (69) Movement Hovering (48) Location -8/Materials Parts ------- > --- POWER (2) -------- Light Ion Engine Deuterium Engine > --- PROPULSION (4) --- Improved Hover Unit Improved Hover Unit Improved Hover Unit Improved Hover Unit > --- UTILITY (3) ------ Transport Network Coupler Improved Targeting Computer Hacking Suite > --- WEAPON (2) ------- Precision Beam Rifle Axe > --- INVENTORY (5) ---- Improved Terrain Scanner Beam Rifle Heavy Particle Gun Light Assault Rifle Missile Launcher Peak State ------------ > --- POWER ------------ Light Ion Engine Deuterium Engine > --- PROPULSION ------- Improved Hover Unit Improved Hover Unit Improved Hover Unit Improved Hover Unit > --- UTILITY ---------- Transport Network Coupler Improved Targeting Computer Hacking Suite > --- WEAPON ----------- Heavy Particle Gun Precision Beam Rifle > --- INVENTORY -------- Improved Terrain Scanner Beam Rifle Light Assault Rifle Missile Launcher Axe [Rating: 27] Favorites ----------- Power Light Ion Engine Engine Light Ion Engine Power Core Light Nuclear Core Propulsion Light Treads Treads Light Treads Leg Aluminum Leg Wheel Wheel Hover Unit Improved Hover Unit Flight Unit Flight Unit Utility Sensor Array Device Sensor Array Storage Small Storage Unit Processor Improved Targeting Computer Hackware Hacking Suite Weapon Small Laser Energy Gun Small Laser Ballistic Gun Heavy Assault Rifle Launcher Missile Launcher Slashing Weapon Axe Build | -11 -10 -9 -8 ------- Run | Yrd Mat Mat Mat Slots Evolved 4 | . . 2 2 Power 1 | . . . 1 Propulsion 2 | . . 1 1 Utility 1 | . . 1 . Weapon . | . . . . Parts Attached 60 | 8 3 22 27 Power 8 | 1 1 1 5 Engine 7 | 1 1 1 4 Core 1 | . . . 1 Reactor . | . . . . Propulsion 23 | 2 . 9 12 Treads 2 | 2 . . . Leg 3 | . . 1 2 Wheel 4 | . . . 4 Hover 7 | . . 1 6 Flight 7 | . . 7 . Utility 10 | 3 2 3 2 Device 5 | 2 1 2 . Storage 1 | 1 . . . Processor 3 | . 1 1 1 Hackware 1 | . . . 1 Protection . | . . . . Artifact . | . . . . Weapon 19 | 2 . 9 8 Energy Gun 8 | 2 . 3 3 Energy Cannon . | . . . . Ballistic Gun 6 | . . 4 2 Ballistic Cannon . | . . . . Launcher 2 | . . 2 . Special Weapon . | . . . . Impact Weapon . | . . . . Slashing Weapon 3 | . . . 3 Piercing Weapon . | . . . . Special Melee Weapon . | . . . . Unidentified Prototypes 4 | . . 1 3 Parts Lost 22 | . 2 5 15 Power 4 | . 1 . 3 Propulsion 12 | . . 4 8 Utility 2 | . 1 . 1 Weapon 4 | . . 1 3 Highest Loss Streak 10 | . 2 2 10 To Critical Strikes 1 | . . . 1 Average Slot Usage (%) 88 | . 97 90 75 Engine 9 | . 12 11 4 Core 1 | . . . 4 Treads 10 | . 28 3 . Leg 1 | . . 5 . Wheel 1 | . . . 4 Hover 4 | . . 2 12 Flight 7 | . . 14 9 Device 12 | . 20 11 5 Processor 12 | . 6 19 12 Hackware 2 | . . . 8 Energy Gun 16 | . 28 16 3 Ballistic Gun 3 | . . 4 6 Slashing Weapon 1 | . . . 4 Naked Turns . | . . . . Heaviest Build 17 | 12 9 11 17 Greatest Support 40 | 40 40 40 30 Greatest Overweight (x) 1 | . . 1 1 Average Overweight (x) . | . . . . Largest Inventory Capacity 8 | 8 5 5 5 Average Capacity 5 | 7 5 5 5 Most Carried 5 | . 2 5 5 Average Carried 3 | . 1 4 4 Final Capacity 5 | 5 5 5 5 Final Carried 5 | . 2 5 5 Class Distribution -------------------- 40% | Mutant 38% | Scavenger-Mutant 19% | Hacker-Mutant Dominant Class ---------------- Mutant | -10/Materials Scavenger-Mutant | -9/Materials Hacker-Mutant | -8/Materials Resources | -11 -10 -9 -8 ----------- Run | Yrd Mat Mat Mat Matter Collected 1030 | 280 30 353 367 Remotely . | . . . . Salvage Created 2094 | 133 286 848 827 Parts 142 | 10 28 68 36 Haulers Intercepted 1 | . . 1 . Recyclers Shooed . | . . . . Parts Field Recycled . | . . . . Retrieved Matter . | . . . . Parts Self-Destructed . | . . . . Prevented . | . . . . Kills | -11 -10 -9 -8 ------- Run | Yrd Mat Mat Mat Combat Hostiles Destroyed 44 | . 7 21 16 Melee 10 | . . . 10 Guns 29 | . 6 17 6 AOE 4 | . . 4 . Classes Destroyed 14 | 2 3 7 2 Worker 4 | . . 3 1 Builder 1 | . . 1 . Tunneler 3 | 3 . . . Hauler 1 | . . 1 . Recycler 2 | 1 . . 1 Mechanic 2 | . . 1 1 Operator 2 | . . 1 1 Watcher 6 | . 3 2 1 Swarmer 14 | . 3 7 4 Grunt 18 | . 4 7 7 Brawler 1 | . . . 1 Duelist 2 | . . 2 . Sentry 8 | . . 5 3 Hunter 1 | . . . 1 Best Kill Streak 8 | 4 4 5 8 Combat Bots Only 8 | . 3 4 8 Max Kills in Single Turn 2 | 1 1 2 2 Gunslinging . | . . . . Exploded 1 | . . 1 . Melee 1 | . . . 1 Uniques/NPCs Destroyed . | . . . . Combat | -11 -10 -9 -8 -------- Run | Yrd Mat Mat Mat Hostile Shots Fired 305 | . 47 77 181 Missed 77 | . 7 23 47 Damage Taken 2255 | . 423 528 1304 Core 761 | . 97 114 550 Absorbed by Shields . | . . . . Ignored by Resistances 662 | . 122 152 388 Core Remaining (%) 77 | 100 61 71 . Volleys Fired 129 | 10 25 61 33 Largest 2 | 2 2 2 2 Hottest 116 | 90 90 90 116 Shots Fired 251 | 20 50 118 63 Gun 244 | 20 50 111 63 Cannon . | . . . . Launcher 7 | . . 7 . Special . | . . . . Kinetic 76 | . . 27 49 Thermal 168 | 20 50 84 14 Explosive 7 | . . 7 . Electromagnetic . | . . . . Robot Hit Streak 29 | 8 13 23 29 Robot Miss Streak 3 | 1 2 3 3 Penetration Max . | . . . . Secondary Targets 4 | . 2 . 2 Max Gunslinging Chain 1 | . 1 . 1 Shots Hit Robots 228 | 13 37 93 85 Core Hits 108 | 5 17 51 35 Critical Kills . | . . . . Critical Parts Destroyed 1 | . . 1 . Critical Strikes 12 | 2 3 2 5 Burn 7 | 2 3 1 1 Destroy 1 | . . 1 . Sever 4 | . . . 4 Melee Attacks 37 | . . . 37 Impact . | . . . . Slashing 37 | . . . 37 Piercing . | . . . . Sneak Attacks 1 | . . . 1 Combat Hostiles 1 | . . . 1 Follow-up Attacks . | . . . . Damage Inflicted 4389 | 167 447 1607 2168 Guns 2626 | 167 447 970 1042 Cannons . | . . . . Explosions 637 | . . 637 . Melee 1126 | . . . 1126 Ramming . | . . . . Kinetic 1095 | . . 233 862 Thermal 1531 | 167 447 737 180 Explosive 637 | . . 637 . Electromagnetic . | . . . . Impact . | . . . . Slashing 1126 | . . . 1126 Piercing . | . . . . Highest Corruption 1 | . . . 1 Average Corruption 1 | . . . 1 Corruption Purged . | . . . . Corruption Blocked . | . . . . Effects 1 | . . . 1 Matter Fused 1 | . . . 1 Overload Shots . | . . . . Overflow Damage 37 | . . 16 21 Projectiles . | . . . . Explosions 16 | . . 16 . Melee 21 | . . . 21 Knockbacks . | . . . . Impact . | . . . . Kinetic . | . . . . Secondary . | . . . . Self-Inflicted Damage 16 | . . 16 . Shots 1 | . . 1 . Rammed . | . . . . Targets Rammed . | . . . . Kicked . | . . . . Crushed . | . . . . Highest Temperature 298 | 132 298 198 256 Average Temperature 82 | 46 149 51 87 Received Heat Transfer 1089 | . 216 243 630 Effects 3 | . . . 3 Energy Bleed 2 | . . . 2 Interference 1 | . . . 1 Siege Activations . | . . . . Robots Corrupted . | . . . . Combat Hostiles . | . . . . Parts Fried . | . . . . Impact Corruptions . | . . . . Robots Melted 1 | . 1 . . Combat Hostiles 1 | . 1 . . Parts Melted 10 | . 6 3 1 Heat Transferred 4459 | 594 1412 1972 481 Parts Sabotaged . | . . . . Parts Stolen . | . . . . Parts Stripped . | . . . . Power Chain Reactions . | . . . . Alert | -11 -10 -9 -8 ------- Run | Yrd Mat Mat Mat Peak Influence 472 | 20 213 448 472 Initial 160 | . 11 4 160 Average 171 | 8 39 216 302 Maximum Alert Level 2 | . 1 2 2 Low Security (%) 52 | 100 96 34 12 Level 1 43 | . 3 56 81 Level 2 4 | . . 8 6 Level 3 . | . . . . Level 4 . | . . . . Level 5 . | . . . . High Security . | . . . . Max Security . | . . . . Squads Dispatched 3 | . . 2 1 Investigation 2 | . . 1 1 Extermination . | . . . . Reinforcement 1 | . . 1 . Assault . | . . . . Garrison . | . . . . Intercept . | . . . . Searches Triggered . | . . . . Construction Impeded . | . . . . Haulers Reinforced . | . . . . Active Scanning Responses . | . . . . Cargo Convoy Interrupts . | . . . . Stealth | -11 -10 -9 -8 --------- Run | Yrd Mat Mat Mat Distress Signals 6 | . 1 3 2 Communications Jammed . | . . . . Distress Signals . | . . . . Times Spotted 68 | . 12 30 26 Peak Tracking Total 7 | . 4 4 7 Tactical Retreats 1 | . . 1 . Traps | -11 -10 -9 -8 ------- Run | Yrd Mat Mat Mat Traps Triggered 4 | . 2 1 1 Indirectly . | . . . . Trap Hack Attempts . | . . . . Triggered . | . . . . Disarmed . | . . . . Reprogrammed . | . . . . Reused . | . . . . Traps Extracted . | . . . . Installed . | . . . . Triggered . | . . . . Machines | -11 -10 -9 -8 ---------- Run | Yrd Mat Mat Mat Machines Disabled 6 | . . 5 1 Max in Single Turn 2 | . . 2 1 Machines Repaired . | . . . . Machines Dismantled . | . . . . Machines Sabotaged . | . . . . Overloaded Fab Kills . | . . . . Hacking | -11 -10 -9 -8 --------- Run | Yrd Mat Mat Mat Machines Accessed 18 | . 5 8 5 Terminals 17 | . 5 7 5 Fabricators . | . . . . Repair Stations . | . . . . Recycling Units 1 | . . 1 . Scanalyzers . | . . . . Garrison Access . | . . . . Total Hacks 54 | . 13 29 12 Successful 35 | . 7 20 8 Failed 19 | . 6 9 4 Catastrophic 2 | . . 2 . Database Lockouts . | . . . . Manual 43 | . 11 20 12 Terminals 50 | . 13 25 12 Fabricators . | . . . . Repair Stations . | . . . . Recycling Units 4 | . . 4 . Scanalyzers . | . . . . Garrison Access . | . . . . Terminal Hacks 14 | . 2 10 2 Part Schematic 1 | . . 1 . Level Access Points 1 | . . 1 . Branch Access Points 1 | . 1 . . Terminal Index 1 | . . 1 . Fabricator Index 1 | . . 1 . Alert Level 3 | . . 2 1 Unreport Threat 1 | . . 1 . Locate Traps 1 | . . 1 . Zone Layout 4 | . 1 2 1 Fabricator Hacks . | . . . . Repair Station Hacks . | . . . . Recycling Unit Hacks 2 | . . 2 . Report Inventory 1 | . . 1 . Retrieve Components 1 | . . 1 . Scanalyzer . | . . . . Garrison Access Hacks . | . . . . Unauthorized Hacks 19 | . 5 8 6 Terminals 18 | . 5 7 6 Assimilate 2 | . . . 2 Botnet 16 | . 5 7 4 Fabricators . | . . . . Repair Stations . | . . . . Recycling Units 1 | . . 1 . Reject 1 | . . 1 . Scanalyzers . | . . . . Garrison Access . | . . . . Data Cores Recovered 1 | . . . 1 Used 1 | . . . 1 Hacking Detections 16 | . 5 6 5 Full Trace Events 2 | . 1 . 1 Feedback Events . | . . . . Feedback Blocked . | . . . . Robot Schematics Acquired . | . . . . Robots Built . | . . . . Authchips . | . . . . Time . | . . . . Total Robot Build Rating . | . . . . Part Schematics Acquired 1 | . . 1 . Parts Built . | . . . . Authchips . | . . . . Time . | . . . . Total Part Build Rating . | . . . . Parts Repaired . | . . . . Time . | . . . . Parts Recycled . | . . . . Recycled Matter . | . . . . Retrieved Matter . | . . . . Retrieved Components 10 | . . 10 . Parts Scanalyzed . | . . . . Part Schematics Acquired . | . . . . Parts Damaged . | . . . . Bothacking | -11 -10 -9 -8 ------------ Run | Yrd Mat Mat Mat Used RIF Installer . | . . . . Robots Hacked . | . . . . Non-combat . | . . . . Combat . | . . . . Robot Hacks Applied . | . . . . Relay Couplers Released . | . . . . Fabnet Peak Effective % . | . . . . Robots Rewired . | . . . . Allies Hacked . | . . . . Hacks Repelled . | . . . . Allies | -11 -10 -9 -8 -------- Run | Yrd Mat Mat Mat Total Allies 1 | . . . 1 Largest Group 1 | . . . 1 Highest-Rated Group 10 | . . . 10 Highest-Rated Ally 10 | . . . 10 Total Orders . | . . . . Ally Attacks . | . . . . Total Damage . | . . . . Kills . | . . . . Allies Corrupted . | . . . . Allies Melted . | . . . . Intel | -11 -10 -9 -8 ------- Run | Yrd Mat Mat Mat Robot Analysis Total . | . . . . Derelict Logs Recovered . | . . . . Drone Launches . | . . . . Drone Recoveries . | . . . . Exploration | -11 -10 -9 -8 ------------- Run | Yrd Mat Mat Mat Turns Passed 2034 | 135 651 648 600 Spaces Moved 1439 | 61 263 571 544 Core 27 | 4 . . 23 Treads 336 | 57 263 16 . Legs 180 | . . 176 4 Wheels 50 | . . . 50 Hover 245 | . . 2 243 Flight 601 | . . 377 224 Fastest Speed 34 | 50 160 34 34 Average Speed 81 | 152 160 64 53 Slowest Speed 190 | 160 160 160 190 Overloaded Moves . | . . . . Propulsion Burnouts . | . . . . Robots Hopped 1 | . . . 1 Cave-ins Triggered . | . . . . Exploration Rate (%) 36 | 6 47 51 40 Regions Visited 3 Branch Regions . Pre-discovered Areas . | . . . . Known Exits Taken 2 | . 1 1 . Unknown Exits Taken 1 | 1 . . . Scrap Searched . | . . . . Spaces Dug . | . . . . Terrain Destroyed 38 | . . 38 . Melee . | . . . . Projectile . | . . . . AOE 38 | . . 38 . Terrain Rammed . | . . . . Walls Destroyed . | . . . . Machines Disabled . | . . . . Actions | -11 -10 -9 -8 --------- Run | Yrd Mat Mat Mat Total 1971 | 79 442 733 717 Wait 271 | . 150 59 62 Move 1434 | 60 262 570 542 Hop 1 | . . . 1 Pick Up 12 | . 1 7 4 Fast Attach 39 | 8 3 7 21 Attach 6 | . . 2 4 Detach 5 | . 1 1 3 Swap 16 | . . 14 2 Drop 21 | 1 . 12 8 Fire 129 | 10 25 61 33 Melee 37 | . . . 37 Ram . | . . . . Kick . | . . . . Crush . | . . . . Escape Stasis . | . . . . Rewire . | . . . . Trap . | . . . . Miscellaneous . | . . . . Route ------- -11/Scrapyard -10/Materials (discovered 3 exits: *Mat / *Min / [Sub]) -9/Materials (discovered 5 exits: *Mat x3 / [*Min x2]) -8/Materials (discovered 1 exit: [*Fac]) History --------- Turn | Location | Event 10 | -11/Scrapyard | Discovered new exit (range 16) 136 | -11/Scrapyard | Entered Materials 139 | -10/Materials | Discovered new exit (range 14) 308 | -10/Materials | Build established: Mutant 411 | -10/Materials | Discovered new exit (range 7) 555 | -10/Materials | Identified exit to Mines 763 | -10/Materials | Discovered new exit (range 16) 785 | -10/Materials | Identified exit to Materials 787 | -10/Materials | Entered another Materials area 787 | -9/Materials | Evolved 2 slots: Propulsion x1, Utility x1 1060 | -9/Materials | Discovered new exit (range 15) 1194 | -9/Materials | Build established: Scavenger-Mutant 1298 | -9/Materials | Identified exit to Materials 1402 | -9/Materials | Discovered new exit (range 15) 1435 | -9/Materials | Entered another Materials area 1435 | -8/Materials | Evolved 2 slots: Power x1, Propulsion x1 1703 | -8/Materials | Lost 3 parts (1p2n) 1773 | -8/Materials | Core integrity fell below 50% 1807 | -8/Materials | Core integrity fell below 20% 1818 | -8/Materials | Lost 10 parts (1p5n1u3w) 1834 | -8/Materials | Destroyed 8 combat bots 1849 | -8/Materials | Discovered new exit (range 16) 2035 | -8/Materials | Destroyed by Y-45 Defender with Beam Rifle Last Messages --------------- Acquired data core, extracted dynamic key. Decrypted 2 local trap positions from data. Atomic Centrifuge disabled. Overheating: Energy bleed (-62). Overheating: Energy bleed (-42). Overheating: System interference. Imp. Targeting Computer temporarily disabled. Connecting with Terminal... >>Trojan(Botnet) Trojan loaded successfully. Testing... Terminal linked with 3 systems. Awaiting botnet instructions. >>Layout(Zone) Retrieving Zone 5I layout... Downloaded map data. >>Alert(Check) Current Alert Level: 1-Z G-47 Trooper destroyed. Y-45 Defender Lgt. Treads severed. Map ----- +----------------------------------------------------+ | #[% #??????????????????????????????????????????? | | #=< ###########????????????????????????????????? | | " # # #????????????????????????????????? | | "%+= # ! #????????????????????????????????? | | "!# # #????????????????????????????????? | | # + #????????????????????????????????? | | # # """ """ #????????????????????????????????? | | # # """ """ #????????????????????????????????? | | ### # """ """ #????????????????????????????????? | | ??# # #????????????????????????????????? | | ??# ###########????????????????????????????????? | | ??# ################+###? ???????????????????? | | ??# ??????????????????? | | ??# ??????????????????? | | ??# ??????????????????? | | ??# ####################? ??????????????????? | | ??# # #?????????????a #??????????????????? | | ??# + =% #?????######## #??????????????????? | | ??# # #?????# # #??????????????????? | | ??# # #?????# # #??????????????????? | | ??# # #?????# !# #??????????????????? | | ### # % #?????# # #??????????????????? | | # ###+####?????# # #??????????????????? | | # ###%########## """ [# #??????????????????? | | + # """ # #??????????????????? | | # # """ @# #??????????????????? | | # = """ # """ =Y% +??????????????????? | | # """ ! # """ ^#= #??????????????????? | | ### == "" # # #??????????????????? | | ??# %= ######## ##?????????????????? | | ??# % ####### ########??????????? | | ??# """ ??????? | | ??# """ ??????? | | ??# """ ??????? | | ??#^ = ! ####### ###########???????? | | ### #####+####???#######?????????????????? | | #"" """ # #????# ????????????????????? | | #"" """ #" """ #????# ????????????????????? | | #"T % """ #T """ #????# ????????????????????? | | #"" a #" """ #????# ????????????????????? | | #""!%= # #????# ????????????????????? | | ### ! """ # """ #????# ????????????????????? | | #?#^^ """ # """ #????# ????????????????????? | | ### """ # """ #????###????????????????????? | | % # #???????????????????????????? | | == ##########???????????????????????????? | | ] #????????????????????????????????????? | | ####### #????????????????????????????????????? | | ######## ##################????????????????????? | | # # ## ????????????????????? | +----------------------------------------------------+ Best States ------------- Heat Dissipation 31 Energy Generation 19 Energy Capacity 300 Matter Stores 300 Matter Capacity 300 Sight Range 16 Robot Scan Range 14 Terrain Scan Range 16 Terrain Scan Density 10 Resistance: KI 20 Resistance: TH 20 Resistance: EX 20 Resistance: EM 20 Resistance: I 20 Resistance: S 20 Resistance: P 20 Evasion (%) 63 Targeting Accuracy 6 Recoil Reduction 2 Offensive Hacking 20 Item Schematics ----------------- VTOL Module | -9/Materials | Hacked Robot Schematics ------------------ None Fabricated ------------ Nothing Alien Tech Used ----------------- None Achievements -------------- None Challenges ------------ None Game ------ Seed ChipPrecisionGuard Manual? 0 Play Time 00:42:56 Cumulative 59.5 hours Start 2024.04.12 @ 13:44:08 End 2024.04.12 @ 15:00:35 Sessions 1 Manual Loads 0 Difficulty Adventurer Special Mode None Game No. 25 Rogue 0 Adventurer 25 Explorer 0 Win Type - Total 0 Types 0/0/0/0/0/0/0/0/0 Lore% 28 Gallery% 39 Achievement% 33 Wizard Run 0 Options --------- Layout 1 ASCII 0 Keyboard 0 Movement Mouse Keybinds 0 Fullscreen 2 Font 24/Smallcaps Map View 50x35 Zoom Use 0% Tactical HUD 0 Map Filters NONE Filters NONE Steam 1 RUN: f09f364e-ee2b-4979-8a78-8a87ee806fdf